 Dungeon Crawl Stone Soup version 0.29-a0-1009-g60c99734e7 (webtiles) character file.

Game seed: 16349288445541767277

725 vurker the Chopper (level 7, 0/44 HPs)
             Began as a Gargoyle Monk on Aug 8, 2022.
             Slain by a gnoll
             ... wielding a +0 spear
             ... led by a gnoll sergeant
              (3 damage)
             ... on level 5 of the Dungeon.
             The game lasted 00:05:57 (6099 turns).

vurker the Chopper (Gargoyle Monk)                  Turns: 6099, Time: 00:05:58

Health: 0/44       AC: 11    Str: 16    XL:     7   Next: 71%
Magic:  0/16       EV: 10    Int: 11    God:
Gold:   187        SH:  0    Dex: 12    Spells: 6/6 levels left

rFire   . . .      SeeInvis .   a - +0 hand axe
rCold   . . .      Faith    .   (no shield)
rNeg    + . .      Spirit   +   j - +0 scale mail
rPois   ∞          Reflect  .   (no helmet)
rElec   +          Harm     .   (no cloak)
rCorr   .          Rampage  .   (no gloves)
Will    .....                   (no boots)
Stlth   +.........              m - amulet of guardian spirit
HPRegen 0.14/turn               c - ring of magical power
MPRegen 0.15/turn               (no ring)

@: no status effects
A: sickness immunity, AC +4, negative energy resistance 1, electricity
resistance, torment resistance 1, petrification resistance
a: no special abilities


You were on level 5 of the Dungeon.
You visited 1 branch of the dungeon, and saw 5 of its levels.

You collected 187 gold pieces.

Inventory:

Hand Weapons
 a - a +0 hand axe (weapon)
Missiles
 n - a throwing net (quivered)
Armour
 j - a +0 scale mail (worn)
   (You found it on level 1 of the Dungeon)
Jewellery
 c - a ring of magical power (left hand)
   (You acquired it on level 3 of the Dungeon)
 m - an amulet of guardian spirit (around neck)
   (You found it on level 3 of the Dungeon)
 o - an amulet of reflection
   (You found it on level 5 of the Dungeon)
Wands
 d - a wand of iceblast (13)
   (You found it on level 4 of the Dungeon)
Scrolls
 e - a scroll of vulnerability
 f - a scroll of teleportation
 g - a scroll of amnesia {unknown}
 h - 2 scrolls of immolation
 k - 2 scrolls of fog
 p - a scroll of identify
 q - a scroll of noise {unknown}
 r - a scroll of summoning {unknown}
Potions
 b - a potion of resistance {unknown}
 i - a potion of invisibility {unknown}
 l - a potion of degeneration {unknown}


   Skills:
 + Level 5.2 Fighting
 * Level 5.4 Axes
 + Level 3.7 Armour
 + Level 3.8 Dodging
 - Level 2.1 Stealth


You had 6 spell levels left.
You didn't know any spells.
Your spell library contained the following spells:

 Spells                   Type           Power      Damage    Failure   Level
 Ensorcelled Hibernation  Hex/Ice        0%         N/A       88%         2
 Passwall                 Tmut/Erth      0%         N/A       88%         2
 Wereblood                Tmut           0%         N/A       88%         2
 Swiftness                Air            0%         N/A       98%         3
 Summon Hydra             Summ           0%         N/A       100%        7
 Sublimation of Blood     Necr           Unusable   N/A       N/A         2

Dungeon Overview and Level Annotations

Branches:
Dungeon (5/15)
 Temple: D:4-7

Altars:
Ashenzari
Nemelex Xobeh
Trog
Wu Jian
Zin


Innate Abilities, Weirdness & Mutations

You are immune to sickness and miasma.
Your stone body is resilient. (AC +4)
You are immune to poison.
You resist negative energy. (rN+)
You are resistant to electric shocks. (rElec)
You are resistant to unholy torment.
You are immune to petrification.


Message History

You hit the gnoll. The gnoll hits you but does no damage.
The gnoll closely misses you.
The gnoll sergeant hits you but does no damage.
The gnoll hits you but does no damage.
The gnoll hits you from afar with a +0 spear.
The gnoll throws a throwing net.
The throwing net barely misses you. The gnoll hits you with a +0 club.
The gnoll sergeant barely misses you.
You hit the gnoll. The gnoll barely misses you. The gnoll closely misses you.
The gnoll throws a throwing net.
The throwing net hits you.
You become entangled in the net!
The gnoll sergeant hits you but does no damage.
You are held in a net!
You struggle against the net.
The gnoll barely misses you.
The gnoll hits you but does no damage. x2
The gnoll sergeant hits you from afar with a +0 spear.
You struggle against the net.
The gnoll hits you with a +0 club. The gnoll barely misses you. x2
The gnoll sergeant hits you from afar with a +0 spear!
You struggle against the net.
The gnoll hits you with a +0 club. The gnoll hits you but does no damage.
The gnoll hits you from afar with a +0 spear.
* * * LOW HITPOINT WARNING * * *
The gnoll sergeant hits you but does no damage.
You rip the net and break free!
The gnoll hits you from afar with a +0 spear.
* * * LOW HITPOINT WARNING * * *
The gnoll hits you with a +0 club.
* * * LOW HITPOINT WARNING * * *
The gnoll completely misses you.
The gnoll sergeant hits you from afar with a +0 spear.
* * * LOW HITPOINT WARNING * * *
Found a stone staircase leading up.
The gnoll hits you with a +0 club!
* * * LOW HITPOINT WARNING * * *
The gnoll closely misses you. x2
The gnoll sergeant hits you with a +0 spear.
* * * LOW HITPOINT WARNING * * *
You barely miss the gnoll. You hit the gnoll sergeant. You hit the gnoll.
You barely miss the gnoll. The gnoll barely misses you.
The gnoll closely misses you. The gnoll barely misses you.
The gnoll sergeant hits you but does no damage.
You hit the gnoll. Your punch misses the gnoll. You hit the gnoll.
You barely miss the gnoll sergeant. You hit the gnoll.
The gnoll hits you but does no damage. The gnoll misses you.
The gnoll sergeant hits you but does no damage.
The gnoll barely misses you.
You barely miss the gnoll. You barely miss the gnoll sergeant.
You hit the gnoll but do no damage. You completely miss the gnoll.
The gnoll hits you with a +0 spear.
You die...

+....................
#+######..##....#....
#..#####+#.... ...
#........# ... ....
+........# ...
.....#'########....
#.(............
#.....g.g......
#......@g......
#.......g......
#.............<
#..............
#......!.......
#.....######....
#.....# .... #<....
...


You could see a gnoll sergeant and 3 gnolls.

Vanquished Creatures
  Grinder (D:3)
  Sigmund (D:3)
  A scorpion (D:4)
  A hound (D:5)
  Terence (D:3)
  3 iguanas
  An orc wizard (D:5)
  3 gnolls (D:5)
  4 adders
  An ufetubus (D:4)
  A worm (D:3)
  4 dart slugs
  3 orcs
  4 bats
  9 endoplasms
  4 giant cockroaches
  5 goblins
  11 hobgoblins
  4 jackals (D:4)
  3 quokkas
  5 ball pythons
  2 frilled lizards
  7 kobolds
  2 rats (D:1)
81 creatures vanquished.

Notes
Turn   | Place    | Note
-------+----------+-------------------------------------------
     0 | D:1      | vurker the Gargoyle Monk began the quest for the Orb.
     0 | D:1      | Reached XP level 1. HP: 14/14 MP: 1/1
   314 | D:1      | Reached XP level 2. HP: 8/19 MP: 2/2
   739 | D:1      | Reached skill level 1 in Armour
   831 | D:1      | Reached XP level 3. HP: 19/23 MP: 3/3
  2017 | D:2      | Found a faded altar of an unknown god.
  2717 | D:3      | Reached XP level 4. HP: 21/29 MP: 4/4
  2809 | D:3      | Found a glowing silver altar of Zin.
  2861 | D:3      | Found a broken altar of Ashenzari.
  3040 | D:3      | Noticed Terence
  3072 | D:3      | Killed Terence
  3332 | D:3      | Reached XP level 5. HP: 26/33 MP: 3/5
  3433 | D:3      | Found an ornate altar of the Wu Jian Council.
  3439 | D:3      | Noticed Grinder
  3444 | D:3      | Paralysed by Grinder for 3 turns
  3450 | D:3      | Paralysed by Grinder for 5 turns
  3467 | D:3      | Killed Grinder
  3468 | D:3      | Reached XP level 6. HP: 4/39 MP: 0/6
  3747 | D:3      | Noticed Sigmund
  3764 | D:3      | Killed Sigmund
  3765 | D:3      | Reached XP level 7. HP: 37/44 MP: 5/7
  3937 | D:3      | Found a sparkling altar of Nemelex Xobeh.
  4273 | D:3      | Identified a scroll of acquirement
  4273 | D:3      | Acquired a ring of magical power
  4387 | D:4      | Reached skill level 5 in Axes
  4970 | D:4      | Found a bloodstained altar of Trog.
  5244 | D:4      | Reached skill level 5 in Fighting
  5273 | D:5      | Entered Level 5 of the Dungeon
  6099 | D:5      | Slain by a gnoll

Illustrated notes

Levels and vault maps discovered:
D:1:      dpeg_arrival_houses_and_road, layout_loops_ring, serial_glass,
          glass_columns_a, glass_columns_a, minmay_stone_trees_small,
          st_stairs_2, nicolae_titane
D:2:      layout_basic, hellmonk_ecumenical_altar_lost_god
D:3:      layout_loops_ring, lemuel_tele_altar, nemelex_spade_bored_becter,
          zin_academy, lemuel_crystal_altar, kennysheep_donut,
          dk_noncrumbling_2, kennysheep_generic_room_6, uniq_grinder,
          uniq_terence, uniq_sigmund
D:4:      layout_loops_cross, trog_book
D:5:      layout_gridville, fedhas_altar_1, minmay_misc_feat_secret_circle

Skill      XL: |  1  2  3  4  5  6  7 |
---------------+----------------------+-----
Axes           | 3 4 5 |  5.4
Armour         | 1 2 3 |  3.7
Fighting       | 4 5 |  5.2
Dodging        | 3 |  3.8
Stealth        | |  2.1

Action                   |  1- 3 |  4- 6 |  7- 9 || total
-------------------------+-------+-------+-------++-------
Melee: Hand axe          |   127 |   106 |   206 ||   439
       Punch             |       |       |     2 ||     2
  Use: Scroll            |     1 |       |     5 ||     6
       Potion            |       |     3 |       ||     3
 Stab: Sleeping          |     5 |       |       ||     5
Armor: Robe              |    28 |       |       ||    28
       Scale mail        |    19 |    71 |   125 ||   215
Dodge: Dodged            |    64 |    71 |   152 ||   287

Table legend: (Time is in decaauts)
 A = Elapsed time spent in this place.
 B = Non-inter-level travel time spent in this place.
 C = Inter-level travel time spent in this place.
 D = Time resting spent in this place.
 E = Time spent auto-exploring this place.
 F = Levels seen in this place.
 G = Mean time per level.
                   A        B        C        D        E       F      G
               +--------+--------+--------+--------+--------+-----+--------+
         Total |   6135 |   5990 |    145 |      0 |   5114 |   5 | 1227.0 |
       Dungeon |   6135 |   5990 |    145 |      0 |   5114 |   5 | 1227.0 |
               +--------+--------+--------+--------+--------+-----+--------+

Top non-repeatable levels by time:
     D:3: 1684 daAuts
     D:1: 1662 daAuts
     D:2: 1038 daAuts
     D:4: 920 daAuts
     D:5: 829 daAuts
